Match 38154475
Unlisted

Match 38154475
End
Construct Infanterie Kompanie
Grenadier Squad
MG 42 Machine Gun Team
Grenadier Squad
GrW 34 Mortar Team
Medical Station
Grenadier Squad
Construct Panzergrenadier Kompanie
251 Medium Carrier
Pak 40 Anti-tank Gun Team
Panzergrenadier Squad
Selects Luftwaffe Battlegroup
Selects Stuka Strafing Run
Selects Fallschirmjäger Squad Paradrop
Selects Fragmentation Bombs
Stuka Strafing Run
Moomer
BigTiddyLebron
Warhero82
mohamedat1994
0
0

Comments sign in to comment!

No comments posted yet!